 Dungeon Crawl Stone Soup version 0.30-a0-702-gdf48620a09 (webtiles) character file.

Game seed: 16641717754648691989

88 ASSMAN the Covered (level 4, -4/37 HPs)
             Began as a Barachi Fighter on Jan 22, 2023.
             Was a Follower of Trog.
             Slain by an orc priest
             ... wielding a +0 whip
              (5 damage)
             ... on level 4 of the Dungeon.
             The game lasted 00:04:25 (2441 turns).

ASSMAN the Covered (Barachi Fighter)                Turns: 2441, Time: 00:04:25

Health: -4/37      AC:  8    Str: 15 (18) XL:     4   Next: 53%
Magic:  4/4        EV: 10    Int:  7 (8)  God:    Trog [*.....]
Gold:   135        SH:  4    Dex: 11 (13) Spells: 3/3 levels left

rFire   . . .      SeeInvis .    a - +0 long sword
rCold   . . .      Faith    .    c - +0 buckler
rNeg    . . .      Spirit   .    s - +0 leather armour
rPois   .          Reflect  .    r - +2 hat
rElec   .          Harm     .    (no cloak)
rCorr   .          Rampage  .    d - +1 pair of gloves {Stlth+}
Will    .....                    (no boots)
Stlth   ++                       (no amulet)
HPRegen 0.26/turn                (no ring)
MPRegen 0.09/turn                (no ring)

@: brilliant, on berserk cooldown, slowed, very slow
A: amphibious, slowness 1, strong legs 1, +LOS
a: Hop, Renounce Religion, Berserk


You were on level 4 of the Dungeon.
You worshipped Trog.
Trog was aware of your devotion.
You visited 1 branch of the dungeon, and saw 4 of its levels.

You collected 135 gold pieces.

Inventory:

Hand Weapons
 a - a +0 long sword (weapon)
Missiles
 o - a throwing net
Armour
 c - a +0 buckler (worn)
 d - a +1 pair of gloves of stealth (worn)
 r - a +2 hat (worn)
 s - a +0 leather armour (worn)
Magical Staves
 q - a staff of poison
Jewellery
 b - a +4 ring of protection
Scrolls
 f - 2 scrolls of identify {unknown}
 i - a scroll of torment {unknown}
 j - a scroll of fog {unknown}
 l - a scroll of teleportation {unknown}
 n - 4 scrolls of enchant armour {unknown}
Potions
 e - 2 potions of curing
 g - a potion of degeneration
 h - a potion of haste {unknown}
 k - a potion of attraction {unknown}
 m - a potion of brilliance


   Skills:
 + Level 3.6 Fighting
 - Level 2.4 Long Blades
 - Level 6.2 Armour
 + Level 0.2 Dodging
 - Level 3.2 Shields


You had 3 spell levels left.
You didn't know any spells.
Your spell library contained the following spells:

 Spells                   Type           Power      Damage    Failure   Level
 Freeze                   Ice            0%         1d3       58%         1
 Sublimation of Blood     Necr           0%         N/A       75%         2
 Wereblood                Tmut           0%         N/A       75%         2
 Frozen Ramparts          Ice            0%         1d1       92%         3
 Hailstorm                Conj/Ice       0%         3d3       92%         3
 Summon Hydra             Summ           0%         N/A       100%        7


Dungeon Overview and Level Annotations

Branches:
Dungeon (4/15)
 Temple: D:4-7

Altars:
Sif Muna
Trog


Innate Abilities, Weirdness & Mutations

You are amphibious.
You cover ground slowly.
You can hop short distances.
You have an extended range of vision and can be seen from far away.


Message History

The orc hits you but does no damage. You block the orc priest's attack.
Something hits you.
You feel much better.
The orc priest mumbles some strange prayers to Beogh against you.
Pain shoots through your body!
The orc priest looks encouraged for a moment.
Something hits you. The orc closely misses you.
The orc priest completely misses you. The orc hits you with a +0 hand axe.
Something hits you.
The orc priest calls down the wrath of Beogh upon you.
Pain shoots through your body!
You closely miss the orc priest.
The orc priest is heavily wounded.
The orc priest hits you with a +0 flail!
The orc priest hits you but does no damage.
Something hits you but does no damage. The orc hits you with a +0 hand axe.
The orc priest closely misses you.
The orc priest invokes the aid of Beogh against you.
Pain shoots through your body!
* * * LOW HITPOINT WARNING * * *
The orc closely misses you.
You hear some strange, mumbled words.
Something tries to affect you, but you resist.
You hit the orc priest.
The orc priest is heavily wounded.
The orc priest barely misses you. You block the orc priest's attack.
Something hits you but does no damage. The orc misses you.
The orc priest hits you with a +0 flail.
* * * LOW HITPOINT WARNING * * *
The orc priest barely misses you. The orc barely misses you.
Something hits you but does no damage.
You closely miss the orc priest.
The orc priest is heavily wounded.
You block the orc priest's attack.
The orc priest begins to cast a cantrip, but forgets the words!
Something hits you but does no damage. The orc barely misses you.
The orc priest closely misses you. Something hits you.
* * * LOW HITPOINT WARNING * * *
The orc priest hits you with a +0 whip.
You die...

#.#########.##
#.# #.# #.#
#.# #.# #.#
#.# #.# ###.#
#.# #...#
#######.#
##o###
#....<..#
#.{@#
#.#######
#$8o8o#
#..$..#
#$8$8.#
##$_.## #####


You could see 2 orc priests and an orc.

Vanquished Creatures
  2 adders
  2 worms (D:2)
  3 dart slugs
  6 ball pythons
  8 bats
  5 endoplasms
  2 giant cockroaches
  3 goblins
  4 hobgoblins
  5 quokkas
  6 frilled lizards
  4 kobolds
  3 rats
53 creatures vanquished.

Notes
Turn   | Place    | Note
-------+----------+-------------------------------------------
     0 | D:1      | ASSMAN the Barachi Fighter began the quest for the Orb.
     0 | D:1      | Reached XP level 1. HP: 18/18 MP: 1/1
   105 | D:1      | Reached skill level 4 in Armour
   117 | D:1      | Reached XP level 2. HP: 24/24 MP: 2/2
   667 | D:1      | Reached XP level 3. HP: 29/29 MP: 3/3
   685 | D:1      | Reached skill level 5 in Armour
  1096 | D:2      | Found a shimmering blue altar of Sif Muna.
  1327 | D:2      | Reached XP level 4. HP: 11/36 MP: 4/4
  1757 | D:3      | Reached skill level 6 in Armour
  2119 | D:3      | Found a faded altar of an unknown god.
  2300 | D:3      | Prayed at the altar of an unknown god.
  2300 | D:3      | Became a worshipper of Trog the Wrathful
  2300 | D:3      | Reached * piety under Trog
  2441 | D:4      | HP: 1/37 [something (2)]
  2441 | D:4      | Slain by an orc priest

Illustrated notes

Levels and vault maps discovered:
D:1:      arrival_zaba_pyramid, layout_loops_ring, grunt_decor_clamped,
          minmay_misc_feat_encased, minivault_14, minivault_26,
          hangedman_decor_points
D:2:      layout_basic, basic_altar
D:3:      layout_basic, basic_ecumenical_altar
D:4:      layout_loops_ring, minmay_temple_entry_fiery, gup_sewer_entry_spiral,
          minmay_tree_intersection, kennysheep_orc_chapel, uniq_robin,
          uniq_menkaure, uniq_sigmund

Skill      XL: |  1  2  3  4 |
---------------+-------------+-----
Armour         | 4 5 6 |  6.2
Fighting       | |  3.6
Long Blades    | |  2.4
Dodging        | |  0.2
Shields        | |  3.2

Action                   |  1- 3 |  4- 6 || total
-------------------------+-------+-------++-------
Melee: Long sword        |   114 |    50 ||   164
Invok: Berserk           |       |     1 ||     1
  Use: Potion            |     1 |     7 ||     8
 Stab: Sleeping          |       |     1 ||     1
Armor: Scale mail        |    52 |    13 ||    65
       Leather armour    |       |    36 ||    36
Dodge: Dodged            |    49 |    56 ||   105
Block: Buckler           |    30 |    22 ||    52

Table legend: (Time is in decaauts)
 A = Elapsed time spent in this place.
 B = Non-inter-level travel time spent in this place.
 C = Inter-level travel time spent in this place.
 D = Time resting spent in this place.
 E = Time spent auto-exploring this place.
 F = Levels seen in this place.
 G = Mean time per level.
                   A        B        C        D        E       F      G
               +--------+--------+--------+--------+--------+-----+--------+
         Total |   2849 |   2678 |    171 |    263 |   1884 |   4 |  712.2 |
       Dungeon |   2849 |   2678 |    171 |    263 |   1884 |   4 |  712.2 |
               +--------+--------+--------+--------+--------+-----+--------+

Top non-repeatable levels by time:
     D:1: 1256 daAuts
     D:2: 735 daAuts
     D:3: 717 daAuts
     D:4: 139 daAuts
